Connexion

CAROLINA Hurricanes vs BOSTON Bruins (R3)

Created - 6 novembre 2023 at 19:13

Goals
1 2 3 T
CAROLINA Hurricanes 0 2 1 3
BOSTON Bruins 3 0 2 5
Shots
1 2 3 T
CAROLINA Hurricanes 9 9 7 25
BOSTON Bruins 16 6 13 35

GoalsPenalties
1st period
1. BOSTON Bruins , Jonathan Marchessault 16 (Mikael Granlund 24, Rasmus Andersson 16) at 5:22 (SH)
2. BOSTON Bruins , Alex Iafallo 4 (Ryan Carpenter 9, Thomas Novak 10) at 16:13
3. BOSTON Bruins , Andre Burakovsky 9 (Mikael Granlund 25, Matt Dumba 26) at 17:33
Owen Power (CAR) for Tripping (Minor) at 0:25
Chris Kreider (BOS) for Roughing (Minor) at 4:11
Kaapo Kakko (BOS) for Close Hand On Puck (Minor) at 6:25
Adam Boqvist (BOS) for Roughing (Minor) at 11:38
Blake Wheeler (CAR) for Holding (Minor) at 13:43
Owen Power (CAR) for Hooking (Minor) at 17:58
2nd period
4. CAROLINA Hurricanes , Tyler Motte 14 (Pontus Aberg 19, Esa Lindell 16) at 6:13
5. CAROLINA Hurricanes , Connor Dewar 3 (Owen Power 25, Brett Pesce 19) at 9:25
Dmitri Orlov (BOS) for Roughing (Minor) at 4:02
Ryan Carpenter (BOS) for Tripping (Minor) at 11:33
Owen Power (CAR) for Charging (Minor) at 17:18
3rd period
6. BOSTON Bruins , Mikael Granlund 18 (Matt Dumba 27) at 5:05
7. BOSTON Bruins , Mikael Granlund 19 (Dmitri Orlov 20, Matt Dumba 28) at 9:02
8. CAROLINA Hurricanes , Marcus Johansson 11 (Ben Hutton 4) at 14:09
Esa Lindell (CAR) for Tripping (Minor) at 6:04
Wayne Simmonds (CAR) for Hooking (Minor) at 14:30
Wayne Simmonds (CAR) for Roughing (Minor) at 17:39
Goalie Stats
Ilya Samsonov (CAR), 30 saves from 35 shots - (0,857), L, 18-14-0, 60:00 minutes
Frederik Andersen (BOS), 22 saves from 25 shots - (0,880), W, 14-11-4, 60:00 minutes
3 StarsOfficial
1 - Mikael Granlund (BOS)
2 - Matt Dumba (BOS)
3 - Jonathan Marchessault (BOS)
Referees : Paul Devorski and Chris Lee
Linesman : Mark Pare and Greg Devorski
Game Note
No Game Note
Finance
Level 1 -- Attendance: 5310 (88,50%) -- Ticket Income 716 850 $
Level 2 -- Attendance: 3695 (80,94%) -- Ticket Income 406 450 $
Level 3 -- Attendance: 1994 (99,70%) -- Ticket Income 109 670 $
Level 4 -- Attendance: 3624 (90,60%) -- Ticket Income 126 840 $
Luxury Box -- Attendance: 1000 (100,00%) -- Ticket Income 230 000 $
Game was played at the TD Garden.
Total Attendance: 15623 (88,94%)
Total Ticket Income: 1 589 810 $
Other Income: 317 962 $
Total Income: 1 907 772 $



Team Name Goals Shots Shots Attemp Shots Blocked PIM HIT PP PK FO%
CAROLINA Hurricanes 325531114250 / 5 (0%)039%
BOSTON Bruins 535781110190 / 7 (0%)061%

CAROLINA Hurricanes
Player Name POS G A P +/- PIM HIT SHT SB MP PP MP PP SHT PK MP PK SHT FO% FOT
Alexandre TexierC/LW000100007:550:0000:0000% 0
Ben HuttonD0110021314:081:0913:5600% 0
Blake LizotteC000000102:341:2900:06050% 2
Blake WheelerLW/RW0000220010:410:0003:3200% 1
Brandon SutterC/RW000-2011023:014:3813:49035% 23
Brett PesceD011-2034125:595:5037:4500% 0
Cam YorkD0000012010:171:1410:0000% 0
Connor DewarC101101107:550:0000:00064% 11
Curtis LazarC/LW/RW000000007:590:4900:00022% 9
Dmitry ZhukenovC000000000:490:4900:0000% 0
Esa LindellD0110211223:312:5605:5100% 0
James van RiemsdykLW/RW000-1002016:014:2825:00075% 4
KAndre MillerD0000021123:422:5606:0100% 0
Marcus JohanssonC/LW/RW101-1003025:494:2808:37138% 34
Owen PowerD011-2611422:195:4514:1300% 0
Pontus AbergLW/RW011-2001019:124:3810:0000% 3
Tyler MotteC/LW/RW101-2054019:344:3810:220100% 1
Wayne SimmondsLW/RW0000462024:343:4806:20020% 5
BOSTON Bruins
Player Name POS G A P +/- PIM HIT SHT SB MP PP MP PP SHT PK MP PK SHT FO% FOT
Adam BoqvistD000-1201122:086:4903:5900% 0
Alex IafalloC/LW1011001011:090:0000:0000% 0
Andre BurakovskyC/LW/RW1012005022:116:5533:40043% 7
Brandon TanevLW/RW000101002:390:0000:3500% 1
Chris KreiderLW/RW000-3251018:206:5810:000100% 2
Dmitri OrlovD0112223125:117:0414:0410% 0
Elias PetterssonC000-3001022:016:5813:40050% 30
Henri JokiharjuD0001013010:470:0000:0000% 0
Jonathan MarchessaultRW1013023124:116:5525:401100% 1
Kaapo KakkoRW000-3217018:206:5840:0000% 0
Matt DumbaD0332020226:467:0405:3800% 0
Max LajoieD0001000212:360:0001:4900% 0
Mikael GranlundC/LW2244024226:156:5525:40077% 39
Rasmus AnderssonD011-1014222:306:4944:2000% 0
Ryan Carpenter C/RW0111221011:430:0000:3500% 1
Thomas NovakC0111001011:090:0000:00050% 12
Walker DuehrRW000000000:000:0000:0000% 0
Zachary SenyshynRW000100002:040:0000:0000% 0



Play-by-Play

1st period


0:01 of 1st period - Mikael Granlund wins face-off versus Marcus Johansson in neutral zone.
0:24 of 1st period - Shot by Mikael Granlund.
0:24 of 1st period - Shot Misses the Net.
0:25 of 1st period - Minor Penalty to Owen Power for Tripping.
0:26 of 1st period - Marcus Johansson wins face-off versus Elias Pettersson in CAROLINA Hurricanes zone.
0:26 of 1st period - Marcus Johansson is hit by Kaapo Kakko.
0:29 of 1st period - KAndre Miller is hit by Chris Kreider and loses puck.
1:02 of 1st period - Shot by Elias Pettersson.
1:02 of 1st period - Deflect By Kaapo Kakko.
1:02 of 1st period - Stopped by Ilya Samsonov without a rebound.
1:03 of 1st period - Mikael Granlund wins face-off versus Marcus Johansson in CAROLINA Hurricanes zone.
1:08 of 1st period - Shot by Matt Dumba.
1:08 of 1st period - Shot Misses the Net.
1:10 of 1st period - Shot by Andre Burakovsky.
1:10 of 1st period - Stopped by Ilya Samsonov without a rebound.
1:11 of 1st period - Marcus Johansson wins face-off versus Mikael Granlund in CAROLINA Hurricanes zone.
1:29 of 1st period - Andre Burakovsky is hit by Brett Pesce and loses puck.
1:38 of 1st period - Shot by Dmitri Orlov.
1:38 of 1st period - Shot Misses the Net.
1:40 of 1st period - Shot by Jonathan Marchessault.
1:40 of 1st period - Stopped by Ilya Samsonov without a rebound.
1:41 of 1st period - James van Riemsdyk wins face-off versus Elias Pettersson in CAROLINA Hurricanes zone.
2:08 of 1st period - Shot by Adam Boqvist.
2:08 of 1st period - Shot Blocked by Ben Hutton.
2:38 of 1st period - Shot by Pontus Aberg.
2:38 of 1st period - Shot Hit the Post.
2:40 of 1st period - Shot by KAndre Miller.
2:40 of 1st period - Shot Blocked by Mikael Granlund.
2:42 of 1st period - Shot by Brandon Sutter.
2:42 of 1st period - Shot Misses the Net.
2:52 of 1st period - Esa Lindell is hit by Jonathan Marchessault.
3:09 of 1st period - Icing by Dmitri Orlov.
3:10 of 1st period - Mikael Granlund wins face-off versus Marcus Johansson in BOSTON Bruins zone.
3:30 of 1st period - Marcus Johansson is hit by Matt Dumba and loses puck.
3:38 of 1st period - Icing by Mikael Granlund.
3:39 of 1st period - Mikael Granlund wins face-off versus Connor Dewar in BOSTON Bruins zone.
3:39 of 1st period - Mikael Granlund is hit by Wayne Simmonds.
3:55 of 1st period - Dmitri Orlov is hit by Wayne Simmonds.
4:04 of 1st period - Icing by Connor Dewar.
4:05 of 1st period - Elias Pettersson wins face-off versus Connor Dewar in CAROLINA Hurricanes zone.
4:11 of 1st period - Minor Penalty to Chris Kreider for Roughing.
4:12 of 1st period - Tyler Motte wins face-off versus Ryan Carpenter in BOSTON Bruins zone.
4:28 of 1st period - Shot by KAndre Miller.
4:28 of 1st period - Shot Misses the Net.
4:46 of 1st period - Shot by Pontus Aberg.
4:46 of 1st period - Stopped by Frederik Andersen without a rebound.
4:47 of 1st period - Mikael Granlund wins face-off versus Marcus Johansson in BOSTON Bruins zone.
5:16 of 1st period - Shot by Jonathan Marchessault.
5:16 of 1st period - Shot Misses the Net.
5:20 of 1st period - Shot by Mikael Granlund.
5:20 of 1st period - Deflect By Jonathan Marchessault.
5:20 of 1st period - Shot Blocked by Brett Pesce.
5:22 of 1st period - Shot by Jonathan Marchessault.
5:22 of 1st period - Goal by Jonathan Marchessault - CAROLINA Hurricanes : 0 - BOSTON Bruins : 1.
5:23 of 1st period - Mikael Granlund wins face-off versus Brandon Sutter in neutral zone.
5:23 of 1st period - Mikael Granlund is hit by Tyler Motte.
5:49 of 1st period - Shot by KAndre Miller.
5:49 of 1st period - Shot Misses the Net.
5:51 of 1st period - Shot by Tyler Motte.
5:51 of 1st period - Stopped by Frederik Andersen with a rebound.
5:53 of 1st period - Shot by Pontus Aberg.
5:53 of 1st period - Deflect By Brandon Sutter.
5:53 of 1st period - Stopped by Frederik Andersen without a rebound.
5:54 of 1st period - Mikael Granlund wins face-off versus Marcus Johansson in BOSTON Bruins zone.
6:25 of 1st period - Minor Penalty to Kaapo Kakko for Close Hand On Puck.
6:26 of 1st period - Andre Burakovsky wins face-off versus Brandon Sutter in BOSTON Bruins zone.
6:26 of 1st period - Matt Dumba is hit by Tyler Motte and loses puck.
6:52 of 1st period - Shot by Owen Power.
6:52 of 1st period - Stopped by Frederik Andersen without a rebound.
6:53 of 1st period - Andre Burakovsky wins face-off versus Marcus Johansson in BOSTON Bruins zone.
7:26 of 1st period - Shot by James van Riemsdyk.
7:26 of 1st period - Shot Blocked by Rasmus Andersson.
7:30 of 1st period - Shot by Marcus Johansson.
7:30 of 1st period - Shot Blocked by Rasmus Andersson.
7:49 of 1st period - Off-side.
7:50 of 1st period - Mikael Granlund wins face-off versus Brandon Sutter in neutral zone.
8:01 of 1st period - Shot by Brandon Sutter.
8:01 of 1st period - Shot Blocked by Mikael Granlund.
8:03 of 1st period - Shot by Owen Power.
8:03 of 1st period - Shot Misses the Net.
8:27 of 1st period - Alex Iafallo is hit by Blake Wheeler and loses puck.
8:44 of 1st period - Shot by Ryan Carpenter .
8:44 of 1st period - Shot Misses the Net.
8:46 of 1st period - Shot by Henri Jokiharju.
8:46 of 1st period - Stopped by Ilya Samsonov without a rebound.
8:47 of 1st period - Connor Dewar wins face-off versus Elias Pettersson in CAROLINA Hurricanes zone.
10:03 of 1st period - Shot by Alex Iafallo.
10:03 of 1st period - Shot Misses the Net.
10:42 of 1st period - Icing by Alexandre Texier.
10:43 of 1st period - Connor Dewar wins face-off versus Brandon Tanev in CAROLINA Hurricanes zone.
11:30 of 1st period - Icing by Esa Lindell.
11:31 of 1st period - Connor Dewar wins face-off versus Elias Pettersson in CAROLINA Hurricanes zone.
11:31 of 1st period - Connor Dewar is hit by Chris Kreider.
11:38 of 1st period - Minor Penalty to Adam Boqvist for Roughing.
11:39 of 1st period - Mikael Granlund wins face-off versus Pontus Aberg in BOSTON Bruins zone.
11:45 of 1st period - Icing by Owen Power.
11:46 of 1st period - Mikael Granlund wins face-off versus Brandon Sutter in CAROLINA Hurricanes zone.
11:53 of 1st period - Shot by Dmitri Orlov.
11:53 of 1st period - Stopped by Ilya Samsonov with a rebound.
12:40 of 1st period - Icing by Brandon Sutter.
12:41 of 1st period - Brandon Sutter wins face-off versus Andre Burakovsky in CAROLINA Hurricanes zone.
13:12 of 1st period - Shot by Ben Hutton.
13:12 of 1st period - Stopped by Frederik Andersen without a rebound.
13:13 of 1st period - Marcus Johansson wins face-off versus Andre Burakovsky in BOSTON Bruins zone.
13:16 of 1st period - Shot by Owen Power.
13:16 of 1st period - Shot Blocked by Matt Dumba.
13:22 of 1st period - Shot by Brett Pesce.
13:22 of 1st period - Shot Misses the Net.
13:24 of 1st period - Shot by Brett Pesce.
13:24 of 1st period - Stopped by Frederik Andersen with a rebound.
13:30 of 1st period - Shot by Owen Power.
13:30 of 1st period - Shot Misses the Net.
13:32 of 1st period - Shot by Brett Pesce.
13:32 of 1st period - Stopped by Frederik Andersen without a rebound.
13:33 of 1st period - Mikael Granlund wins face-off versus Brandon Sutter in BOSTON Bruins zone.
13:43 of 1st period - Minor Penalty to Blake Wheeler for Holding.
13:44 of 1st period - Elias Pettersson wins face-off versus Marcus Johansson in CAROLINA Hurricanes zone.
13:49 of 1st period - Shot by Matt Dumba.
13:49 of 1st period - Shot Misses the Net.
13:51 of 1st period - Shot by Chris Kreider.
13:51 of 1st period - Stopped by Ilya Samsonov without a rebound.
13:52 of 1st period - Mikael Granlund wins face-off versus Marcus Johansson in CAROLINA Hurricanes zone.
14:23 of 1st period - Shot by Matt Dumba.
14:23 of 1st period - Shot Misses the Net.
14:25 of 1st period - Shot by Jonathan Marchessault.
14:25 of 1st period - Deflect By Mikael Granlund.
14:25 of 1st period - Stopped by Ilya Samsonov with a rebound.
14:27 of 1st period - Shot by Andre Burakovsky.
14:27 of 1st period - Shot Blocked by Owen Power.
14:29 of 1st period - Shot by Jonathan Marchessault.
14:29 of 1st period - Stopped by Ilya Samsonov without a rebound.
14:30 of 1st period - Marcus Johansson wins face-off versus Elias Pettersson in CAROLINA Hurricanes zone.
14:41 of 1st period - Shot by Marcus Johansson.
14:41 of 1st period - Stopped by Frederik Andersen without a rebound.
14:42 of 1st period - Elias Pettersson wins face-off versus Wayne Simmonds in BOSTON Bruins zone.
14:42 of 1st period - Adam Boqvist is hit by Wayne Simmonds and loses puck.
15:09 of 1st period - Shot by Chris Kreider.
15:09 of 1st period - Deflect By Elias Pettersson.
15:09 of 1st period - Shot Blocked by KAndre Miller.
15:11 of 1st period - Shot by Kaapo Kakko.
15:11 of 1st period - Stopped by Ilya Samsonov without a rebound.
15:12 of 1st period - Marcus Johansson wins face-off versus Andre Burakovsky in CAROLINA Hurricanes zone.
15:12 of 1st period - Marcus Johansson is hit by Mikael Granlund.
15:30 of 1st period - Shot by Matt Dumba.
15:30 of 1st period - Shot Misses the Net.
15:32 of 1st period - Shot by Jonathan Marchessault.
15:32 of 1st period - Shot Misses the Net.
15:54 of 1st period - Alex Iafallo is hit by Tyler Motte and loses puck.
16:03 of 1st period - Shot by Ryan Carpenter .
16:03 of 1st period - Shot Misses the Net.
16:05 of 1st period - Shot by Thomas Novak.
16:05 of 1st period - Shot Misses the Net.
16:13 of 1st period - Shot by Alex Iafallo.
16:13 of 1st period - Goal by Alex Iafallo - CAROLINA Hurricanes : 0 - BOSTON Bruins : 2.
16:14 of 1st period - Elias Pettersson wins face-off versus Curtis Lazar in neutral zone.
16:17 of 1st period - Cam York is hit by Chris Kreider.
16:25 of 1st period - Shot by Marcus Johansson.
16:25 of 1st period - Shot Misses the Net.
17:33 of 1st period - Shot by Mikael Granlund.
17:33 of 1st period - Deflect By Andre Burakovsky.
17:33 of 1st period - Goal by Andre Burakovsky - CAROLINA Hurricanes : 0 - BOSTON Bruins : 3.
17:34 of 1st period - Connor Dewar wins face-off versus Thomas Novak in neutral zone.
17:39 of 1st period - Shot by Alexandre Texier.
17:39 of 1st period - Shot Blocked by Max Lajoie.
17:41 of 1st period - Shot by Esa Lindell.
17:41 of 1st period - Stopped by Frederik Andersen without a rebound.
17:42 of 1st period - Brandon Sutter wins face-off versus Thomas Novak in BOSTON Bruins zone.
17:42 of 1st period - Owen Power is hit by Matt Dumba and loses puck.
17:58 of 1st period - Minor Penalty to Owen Power for Hooking.
17:59 of 1st period - Mikael Granlund wins face-off versus Marcus Johansson in CAROLINA Hurricanes zone.
18:00 of 1st period - Shot by Andre Burakovsky.
18:00 of 1st period - Stopped by Ilya Samsonov without a rebound.
18:01 of 1st period - Jonathan Marchessault wins face-off versus Marcus Johansson in CAROLINA Hurricanes zone.
18:09 of 1st period - Icing by Mikael Granlund.
18:10 of 1st period - Mikael Granlund wins face-off versus Marcus Johansson in BOSTON Bruins zone.
18:10 of 1st period - Mikael Granlund is hit by Wayne Simmonds.
19:02 of 1st period - KAndre Miller is hit by Jonathan Marchessault and loses puck.
19:15 of 1st period - Shot by Elias Pettersson.
19:15 of 1st period - Deflect By Kaapo Kakko.
19:15 of 1st period - Stopped by Ilya Samsonov without a rebound.
19:16 of 1st period - Brandon Sutter wins face-off versus Elias Pettersson in CAROLINA Hurricanes zone.
19:49 of 1st period - Shot by Rasmus Andersson.
19:49 of 1st period - Stopped by Ilya Samsonov with a rebound.
19:51 of 1st period - Shot by Rasmus Andersson.
19:51 of 1st period - Stopped by Ilya Samsonov without a rebound.
19:52 of 1st period - Mikael Granlund wins face-off versus Wayne Simmonds in CAROLINA Hurricanes zone.
Goals for this period are 0 for CAROLINA Hurricanes vs 3 for BOSTON Bruins.
Shots for this period are 9 for CAROLINA Hurricanes vs 16 for BOSTON Bruins.

2nd period


0:01 of 2nd period - Mikael Granlund wins face-off versus Marcus Johansson in neutral zone.
0:03 of 2nd period - Dmitri Orlov is hit by Brett Pesce and loses puck.
0:19 of 2nd period - Mikael Granlund is hit by Owen Power and loses puck.
0:33 of 2nd period - Icing by Owen Power.
0:34 of 2nd period - Elias Pettersson wins face-off versus Marcus Johansson in CAROLINA Hurricanes zone.
1:11 of 2nd period - Shot by Kaapo Kakko.
1:11 of 2nd period - Stopped by Ilya Samsonov without a rebound.
1:12 of 2nd period - Mikael Granlund wins face-off versus Brandon Sutter in CAROLINA Hurricanes zone.
1:23 of 2nd period - Andre Burakovsky is hit by Brandon Sutter and loses puck.
3:04 of 2nd period - Icing by Esa Lindell.
3:05 of 2nd period - Brandon Sutter wins face-off versus Thomas Novak in CAROLINA Hurricanes zone.
3:24 of 2nd period - Brett Pesce is hit by Ryan Carpenter and loses puck.
4:02 of 2nd period - Minor Penalty to Dmitri Orlov for Roughing.
4:03 of 2nd period - Mikael Granlund wins face-off versus Marcus Johansson in BOSTON Bruins zone.
4:09 of 2nd period - Shot by Brett Pesce.
4:09 of 2nd period - Shot Blocked by Matt Dumba.
4:11 of 2nd period - Shot by Marcus Johansson.
4:11 of 2nd period - Shot Misses the Net.
4:29 of 2nd period - Shot by James van Riemsdyk.
4:29 of 2nd period - Stopped by Frederik Andersen without a rebound.
4:30 of 2nd period - Mikael Granlund wins face-off versus Blake Lizotte in BOSTON Bruins zone.
4:55 of 2nd period - Icing by Cam York.
4:56 of 2nd period - Blake Lizotte wins face-off versus Andre Burakovsky in CAROLINA Hurricanes zone.
5:18 of 2nd period - Shot by Cam York.
5:18 of 2nd period - Stopped by Frederik Andersen without a rebound.
5:19 of 2nd period - Marcus Johansson wins face-off versus Mikael Granlund in BOSTON Bruins zone.
5:43 of 2nd period - Shot by Brett Pesce.
5:43 of 2nd period - Shot Blocked by Jonathan Marchessault.
5:45 of 2nd period - Shot by Owen Power.
5:45 of 2nd period - Shot Blocked by Max Lajoie.
6:13 of 2nd period - Shot by Tyler Motte.
6:13 of 2nd period - Goal by Tyler Motte - CAROLINA Hurricanes : 1 - BOSTON Bruins : 3.
6:14 of 2nd period - Thomas Novak wins face-off versus Pontus Aberg in neutral zone.
6:17 of 2nd period - Shot by Ryan Carpenter .
6:17 of 2nd period - Shot Misses the Net.
7:12 of 2nd period - Shot by Kaapo Kakko.
7:12 of 2nd period - Stopped by Ilya Samsonov with a rebound.
7:35 of 2nd period - Tyler Motte is hit by Dmitri Orlov and loses puck.
8:18 of 2nd period - Andre Burakovsky is hit by Wayne Simmonds and loses puck.
9:15 of 2nd period - Shot by Curtis Lazar.
9:15 of 2nd period - Deflect By Blake Lizotte.
9:15 of 2nd period - Stopped by Frederik Andersen without a rebound.
9:16 of 2nd period - Connor Dewar wins face-off versus Elias Pettersson in BOSTON Bruins zone.
9:25 of 2nd period - Shot by Connor Dewar.
9:25 of 2nd period - Goal by Connor Dewar - CAROLINA Hurricanes : 2 - BOSTON Bruins : 3.
9:26 of 2nd period - Connor Dewar wins face-off versus Elias Pettersson in neutral zone.
9:28 of 2nd period - Brett Pesce is hit by Dmitri Orlov.
10:06 of 2nd period - Shot by Elias Pettersson.
10:06 of 2nd period - Shot Misses the Net.
10:30 of 2nd period - Shot by Andre Burakovsky.
10:30 of 2nd period - Shot Misses the Net.
10:44 of 2nd period - Shot by Brandon Sutter.
10:44 of 2nd period - Shot Blocked by Adam Boqvist.
10:52 of 2nd period - Shot by Adam Boqvist.
10:52 of 2nd period - Stopped by Ilya Samsonov with a rebound.
10:54 of 2nd period - Shot by Andre Burakovsky.
10:54 of 2nd period - Stopped by Ilya Samsonov without a rebound.
10:55 of 2nd period - Thomas Novak wins face-off versus Curtis Lazar in CAROLINA Hurricanes zone.
10:55 of 2nd period - Henri Jokiharju is hit by KAndre Miller and loses puck.
11:12 of 2nd period - Curtis Lazar is hit by Henri Jokiharju and loses puck.
11:22 of 2nd period - Icing by Alex Iafallo.
11:23 of 2nd period - Thomas Novak wins face-off versus Brandon Sutter in BOSTON Bruins zone.
11:33 of 2nd period - Minor Penalty to Ryan Carpenter for Tripping.
11:34 of 2nd period - Mikael Granlund wins face-off versus Brandon Sutter in BOSTON Bruins zone.
11:43 of 2nd period - Adam Boqvist is hit by Tyler Motte and loses puck.
12:47 of 2nd period - Shot by Wayne Simmonds.
12:47 of 2nd period - Deflect By James van Riemsdyk.
12:47 of 2nd period - Stopped by Frederik Andersen without a rebound.
12:48 of 2nd period - James van Riemsdyk wins face-off versus Mikael Granlund in BOSTON Bruins zone.
12:53 of 2nd period - Shot by Brett Pesce.
12:53 of 2nd period - Stopped by Frederik Andersen without a rebound.
12:54 of 2nd period - Wayne Simmonds wins face-off versus Mikael Granlund in BOSTON Bruins zone.
12:54 of 2nd period - Wayne Simmonds is hit by Rasmus Andersson.
13:46 of 2nd period - Ryan Carpenter is hit by Ben Hutton and loses puck.
14:07 of 2nd period - Shot by Curtis Lazar.
14:07 of 2nd period - Shot Misses the Net.
14:12 of 2nd period - Alex Iafallo is hit by Ben Hutton and loses puck.
14:17 of 2nd period - Shot by Thomas Novak.
14:17 of 2nd period - Stopped by Ilya Samsonov without a rebound.
14:18 of 2nd period - Brandon Sutter wins face-off versus Mikael Granlund in CAROLINA Hurricanes zone.
14:34 of 2nd period - Jonathan Marchessault is hit by Esa Lindell and loses puck.
16:10 of 2nd period - Shot by Wayne Simmonds.
16:10 of 2nd period - Stopped by Frederik Andersen without a rebound.
16:11 of 2nd period - Curtis Lazar wins face-off versus Elias Pettersson in BOSTON Bruins zone.
16:28 of 2nd period - Shot by Curtis Lazar.
16:28 of 2nd period - Shot Misses the Net.
16:30 of 2nd period - Shot by Marcus Johansson.
16:30 of 2nd period - Stopped by Frederik Andersen without a rebound.
16:31 of 2nd period - Thomas Novak wins face-off versus Connor Dewar in BOSTON Bruins zone.
16:31 of 2nd period - Thomas Novak is hit by Connor Dewar.
16:36 of 2nd period - Icing by Henri Jokiharju.
16:37 of 2nd period - Marcus Johansson wins face-off versus Thomas Novak in BOSTON Bruins zone.
16:45 of 2nd period - Ryan Carpenter is hit by Wayne Simmonds and loses puck.
17:05 of 2nd period - Shot by Alex Iafallo.
17:05 of 2nd period - Shot Misses the Net.
17:18 of 2nd period - Minor Penalty to Owen Power for Charging.
17:19 of 2nd period - Marcus Johansson wins face-off versus Elias Pettersson in CAROLINA Hurricanes zone.
18:16 of 2nd period - Shot by Mikael Granlund.
18:16 of 2nd period - Shot Misses the Net.
18:49 of 2nd period - Off-side.
18:50 of 2nd period - Elias Pettersson wins face-off versus Marcus Johansson in neutral zone.
18:52 of 2nd period - Off-side.
18:53 of 2nd period - Elias Pettersson wins face-off versus Marcus Johansson in neutral zone.
19:07 of 2nd period - Shot by Rasmus Andersson.
19:07 of 2nd period - Shot Blocked by Ben Hutton.
19:09 of 2nd period - Shot by Kaapo Kakko.
19:09 of 2nd period - Shot Misses the Net.
19:11 of 2nd period - Shot by Kaapo Kakko.
19:11 of 2nd period - Stopped by Ilya Samsonov without a rebound.
19:12 of 2nd period - James van Riemsdyk wins face-off versus Mikael Granlund in CAROLINA Hurricanes zone.
19:12 of 2nd period - James van Riemsdyk is hit by Mikael Granlund.
19:52 of 2nd period - Shot by Thomas Novak.
19:52 of 2nd period - Shot Misses the Net.
19:57 of 2nd period - Alex Iafallo is hit by Cam York and loses puck.
Goals for this period are 2 for CAROLINA Hurricanes vs 0 for BOSTON Bruins.
Shots for this period are 9 for CAROLINA Hurricanes vs 6 for BOSTON Bruins.

3rd period


0:01 of 3rd period - Marcus Johansson wins face-off versus Mikael Granlund in neutral zone.
0:26 of 3rd period - Shot by Brett Pesce.
0:26 of 3rd period - Stopped by Frederik Andersen without a rebound.
0:27 of 3rd period - Brandon Sutter wins face-off versus Elias Pettersson in BOSTON Bruins zone.
0:38 of 3rd period - Esa Lindell is hit by Chris Kreider.
1:41 of 3rd period - Shot by Marcus Johansson.
1:41 of 3rd period - Shot Blocked by Dmitri Orlov.
2:01 of 3rd period - Shot by Jonathan Marchessault.
2:01 of 3rd period - Shot Misses the Net.
2:33 of 3rd period - Shot by Henri Jokiharju.
2:33 of 3rd period - Stopped by Ilya Samsonov without a rebound.
2:34 of 3rd period - Chris Kreider wins face-off versus Curtis Lazar in CAROLINA Hurricanes zone.
3:56 of 3rd period - Icing by Rasmus Andersson.
3:57 of 3rd period - Elias Pettersson wins face-off versus Brandon Sutter in BOSTON Bruins zone.
3:57 of 3rd period - Elias Pettersson is hit by Tyler Motte.
4:31 of 3rd period - Icing by KAndre Miller.
4:32 of 3rd period - Brandon Sutter wins face-off versus Mikael Granlund in CAROLINA Hurricanes zone.
4:45 of 3rd period - Shot by Tyler Motte.
4:45 of 3rd period - Stopped by Frederik Andersen without a rebound.
4:46 of 3rd period - Marcus Johansson wins face-off versus Thomas Novak in BOSTON Bruins zone.
4:47 of 3rd period - Shot by Wayne Simmonds.
4:47 of 3rd period - Shot Misses the Net.
5:01 of 3rd period - Shot by Ryan Carpenter .
5:01 of 3rd period - Stopped by Ilya Samsonov without a rebound.
5:02 of 3rd period - Mikael Granlund wins face-off versus Curtis Lazar in CAROLINA Hurricanes zone.
5:05 of 3rd period - Shot by Mikael Granlund.
5:05 of 3rd period - Goal by Mikael Granlund - CAROLINA Hurricanes : 2 - BOSTON Bruins : 4.
5:06 of 3rd period - Andre Burakovsky wins face-off versus Wayne Simmonds in neutral zone.
5:21 of 3rd period - Shot by Dmitri Orlov.
5:21 of 3rd period - Stopped by Ilya Samsonov without a rebound.
5:22 of 3rd period - Thomas Novak wins face-off versus Brandon Sutter in CAROLINA Hurricanes zone.
5:22 of 3rd period - Max Lajoie is hit by KAndre Miller and loses puck.
5:51 of 3rd period - Shot by Thomas Novak.
5:51 of 3rd period - Shot Blocked by Esa Lindell.
6:04 of 3rd period - Minor Penalty to Esa Lindell for Tripping.
6:05 of 3rd period - Marcus Johansson wins face-off versus Mikael Granlund in CAROLINA Hurricanes zone.
6:28 of 3rd period - Icing by Mikael Granlund.
6:29 of 3rd period - Mikael Granlund wins face-off versus Marcus Johansson in BOSTON Bruins zone.
6:36 of 3rd period - Shot by Matt Dumba.
6:36 of 3rd period - Shot Misses the Net.
7:27 of 3rd period - Shot by Rasmus Andersson.
7:27 of 3rd period - Shot Misses the Net.
7:36 of 3rd period - Shot by Rasmus Andersson.
7:36 of 3rd period - Stopped by Ilya Samsonov without a rebound.
7:37 of 3rd period - Chris Kreider wins face-off versus Marcus Johansson in CAROLINA Hurricanes zone.
7:44 of 3rd period - Shot by Rasmus Andersson.
7:44 of 3rd period - Shot Misses the Net.
7:50 of 3rd period - Shot by Adam Boqvist.
7:50 of 3rd period - Shot Blocked by Owen Power.
7:52 of 3rd period - Shot by Adam Boqvist.
7:52 of 3rd period - Deflect By Kaapo Kakko.
7:52 of 3rd period - Shot Misses the Net.
8:18 of 3rd period - Shot by Tyler Motte.
8:18 of 3rd period - Stopped by Frederik Andersen without a rebound.
8:19 of 3rd period - Mikael Granlund wins face-off versus Brandon Sutter in BOSTON Bruins zone.
8:26 of 3rd period - Shot by Dmitri Orlov.
8:26 of 3rd period - Shot Misses the Net.
9:02 of 3rd period - Shot by Mikael Granlund.
9:02 of 3rd period - Goal by Mikael Granlund - CAROLINA Hurricanes : 2 - BOSTON Bruins : 5.
9:03 of 3rd period - Curtis Lazar wins face-off versus Elias Pettersson in neutral zone.
9:18 of 3rd period - Shot by Marcus Johansson.
9:18 of 3rd period - Shot Misses the Net.
9:26 of 3rd period - Shot by Kaapo Kakko.
9:26 of 3rd period - Stopped by Ilya Samsonov without a rebound.
9:27 of 3rd period - Connor Dewar wins face-off versus Thomas Novak in CAROLINA Hurricanes zone.
9:27 of 3rd period - Connor Dewar is hit by Ryan Carpenter .
9:35 of 3rd period - Shot by Max Lajoie.
9:35 of 3rd period - Shot Misses the Net.
10:01 of 3rd period - Shot by Thomas Novak.
10:01 of 3rd period - Shot Misses the Net.
10:03 of 3rd period - Shot by Ryan Carpenter .
10:03 of 3rd period - Shot Blocked by Ben Hutton.
10:05 of 3rd period - Shot by Henri Jokiharju.
10:05 of 3rd period - Stopped by Ilya Samsonov without a rebound.
10:06 of 3rd period - Mikael Granlund wins face-off versus Curtis Lazar in CAROLINA Hurricanes zone.
10:15 of 3rd period - Shot by Jonathan Marchessault.
10:15 of 3rd period - Shot Blocked by Owen Power.
10:48 of 3rd period - Icing by Mikael Granlund.
10:49 of 3rd period - Mikael Granlund wins face-off versus Brandon Sutter in BOSTON Bruins zone.
10:55 of 3rd period - Icing by Dmitri Orlov.
10:56 of 3rd period - Mikael Granlund wins face-off versus Brandon Sutter in BOSTON Bruins zone.
11:12 of 3rd period - Icing by KAndre Miller.
11:13 of 3rd period - Elias Pettersson wins face-off versus Pontus Aberg in CAROLINA Hurricanes zone.
11:37 of 3rd period - Icing by KAndre Miller.
11:38 of 3rd period - Thomas Novak wins face-off versus Brandon Sutter in CAROLINA Hurricanes zone.
11:57 of 3rd period - Shot by Alex Iafallo.
11:57 of 3rd period - Shot Misses the Net.
12:21 of 3rd period - Shot by Ryan Carpenter .
12:21 of 3rd period - Shot Misses the Net.
12:46 of 3rd period - Off-side.
12:47 of 3rd period - Elias Pettersson wins face-off versus Wayne Simmonds in neutral zone.
13:26 of 3rd period - Shot by James van Riemsdyk.
13:26 of 3rd period - Shot Misses the Net.
13:28 of 3rd period - Shot by Wayne Simmonds.
13:28 of 3rd period - Shot Misses the Net.
13:30 of 3rd period - Shot by Brett Pesce.
13:30 of 3rd period - Shot Misses the Net.
13:37 of 3rd period - Icing by Chris Kreider.
13:38 of 3rd period - Elias Pettersson wins face-off versus Curtis Lazar in BOSTON Bruins zone.
13:40 of 3rd period - Icing by Kaapo Kakko.
13:41 of 3rd period - Elias Pettersson wins face-off versus Curtis Lazar in BOSTON Bruins zone.
13:52 of 3rd period - Rasmus Andersson is hit by Blake Wheeler and loses puck.
13:57 of 3rd period - Shot by Marcus Johansson.
13:57 of 3rd period - Shot Misses the Net.
13:59 of 3rd period - Shot by Cam York.
13:59 of 3rd period - Stopped by Frederik Andersen with a rebound.
14:09 of 3rd period - Shot by Marcus Johansson.
14:09 of 3rd period - Goal by Marcus Johansson - CAROLINA Hurricanes : 3 - BOSTON Bruins : 5.
14:10 of 3rd period - Mikael Granlund wins face-off versus Connor Dewar in neutral zone.
14:30 of 3rd period - Minor Penalty to Wayne Simmonds for Hooking.
14:31 of 3rd period - Mikael Granlund wins face-off versus Blake Wheeler in CAROLINA Hurricanes zone.
14:44 of 3rd period - Shot by Mikael Granlund.
14:44 of 3rd period - Shot Blocked by Esa Lindell.
14:46 of 3rd period - Shot by Andre Burakovsky.
14:46 of 3rd period - Stopped by Ilya Samsonov without a rebound.
14:47 of 3rd period - Elias Pettersson wins face-off versus Marcus Johansson in CAROLINA Hurricanes zone.
15:18 of 3rd period - Shot by Dmitri Orlov.
15:18 of 3rd period - Shot Misses the Net.
15:30 of 3rd period - Brett Pesce is hit by Chris Kreider and loses puck.
16:47 of 3rd period - Shot by Alex Iafallo.
16:47 of 3rd period - Shot Misses the Net.
16:53 of 3rd period - Shot by Wayne Simmonds.
16:53 of 3rd period - Stopped by Frederik Andersen without a rebound.
16:54 of 3rd period - Mikael Granlund wins face-off versus Brandon Sutter in BOSTON Bruins zone.
17:12 of 3rd period - Tyler Motte is hit by Brandon Tanev and loses puck.
17:28 of 3rd period - Icing by Esa Lindell.
17:29 of 3rd period - Brandon Sutter wins face-off versus Elias Pettersson in CAROLINA Hurricanes zone.
17:36 of 3rd period - Shot by KAndre Miller.
17:36 of 3rd period - Stopped by Frederik Andersen without a rebound.
17:37 of 3rd period - Elias Pettersson wins face-off versus Marcus Johansson in BOSTON Bruins zone.
17:39 of 3rd period - Minor Penalty to Wayne Simmonds for Roughing.
17:40 of 3rd period - Elias Pettersson wins face-off versus Marcus Johansson in CAROLINA Hurricanes zone.
17:43 of 3rd period - Shot by Rasmus Andersson.
17:43 of 3rd period - Stopped by Ilya Samsonov without a rebound.
17:44 of 3rd period - Marcus Johansson wins face-off versus Elias Pettersson in CAROLINA Hurricanes zone.
18:01 of 3rd period - Shot by Elias Pettersson.
18:01 of 3rd period - Shot Blocked by Owen Power.
18:13 of 3rd period - Shot by Elias Pettersson.
18:13 of 3rd period - Stopped by Ilya Samsonov with a rebound.
18:20 of 3rd period - Icing by Kaapo Kakko.
18:21 of 3rd period - Marcus Johansson wins face-off versus Elias Pettersson in BOSTON Bruins zone.
19:04 of 3rd period - Andre Burakovsky is hit by Brett Pesce and loses puck.
19:11 of 3rd period - Shot by Mikael Granlund.
19:11 of 3rd period - Stopped by Ilya Samsonov without a rebound.
19:12 of 3rd period - Mikael Granlund wins face-off versus James van Riemsdyk in CAROLINA Hurricanes zone.
19:13 of 3rd period - Shot by Dmitri Orlov.
19:13 of 3rd period - Stopped by Ilya Samsonov with a rebound.
19:15 of 3rd period - Shot by Jonathan Marchessault.
19:15 of 3rd period - Shot Misses the Net.
Goals for this period are 1 for CAROLINA Hurricanes vs 2 for BOSTON Bruins.
Shots for this period are 7 for CAROLINA Hurricanes vs 13 for BOSTON Bruins.